 Dungeon Crawl Stone Soup version 0.30.0-15-g856e2d3f33 (console) character file.

Game seed: 2455431344440480170

334 Mandevil the Trooper (level 6, -9/57 HPs)
             Began as a Minotaur Berserker on May 18, 2023.
             Was a Believer of Trog.
             Succumbed to an orc wizard's poison
             ... on level 4 of the Dungeon.
             The game lasted 00:03:37 (2554 turns).

Mandevil the Trooper (Minotaur Berserker)           Turns: 2554, Time: 00:03:37

Health: -9/57      AC:  4    Str: 24    XL:     6   Next: 27%
Magic:  5/5        EV: 12    Int:  4    God:    Trog [**....]
Gold:   197        SH:  0    Dex:  9    Spells: 5/5 levels left

rFire   + . .        a - +0 hand axe
rCold   + . .        (no shield)
rNeg    . . .        b - +0 animal skin
rPois   +            c - +1 hat
rElec   +            m - +0 cloak
rCorr   +            (no gloves)
SInv    .            (no boots)
Will    ++...        (no amulet)
Stlth   +            (no ring)
HPRegen 1.29/turn    (no ring)
MPRegen 0.09/turn

%: no passive effects
@: lethally poisoned (-9 -> -37), resistant, strong-willed (expiring), on
berserk cooldown, regenerating (expiring), slowed, very slow
A: horns 2, retaliatory headbutt
a: Renounce Religion, Berserk, Trog's Hand


You were on level 4 of the Dungeon.
You worshipped Trog.
Trog was pleased with you.
You visited 1 branch of the dungeon, and saw 4 of its levels.

You collected 197 gold pieces.

Inventory:

Hand Weapons
 a - a +0 hand axe (weapon)
Missiles
 n - 2 javelins (quivered)
 o - 4 poisoned darts
 q - a boomerang
Armour
 b - a +0 animal skin (worn)
 c - a +1 hat (worn)
 j - the +2 scale mail of Agoraphobia {rElec Will++ MP+9 Int-5}
   (You found it on level 2 of the Dungeon)

   Int:       It affects your intelligence (-5).
   rElec:     It insulates you from electricity.
   MP:        It affects your magic capacity (+9).
   Will:      It greatly increases your willpower.
 m - a +0 cloak (worn)
Wands
 s - a wand of mindburst (16)
Scrolls
 d - a scroll of torment {unknown}
 f - a scroll of teleportation {unknown}
 p - a scroll of immolation {unknown}
 r - 3 scrolls of identify
 t - a scroll of enchant weapon {unknown}
Potions
 e - a potion of lignification {unknown}
 g - a potion of flight {unknown}
 h - a potion of might {unknown}
 i - a potion of resistance
 k - a potion of curing {unknown}
 l - a potion of mutation {unknown}


   Skills:
 + Level 5.7 Fighting
 + Level 5.7 Axes
 + Level 5.0 Armour
 - Level 2.1 Dodging


You had 5 spell levels left.
You didn't know any spells.
Your spell library was empty.

Dungeon Overview and Level Annotations

Branches:
Dungeon (4/15)
 Temple: D:4-7

Altars:


Innate Abilities, Weirdness & Mutations

You have a pair of horns on your head.
You reflexively headbutt those who attack you in melee.


Message History

You hit the orc warrior but do no damage.
You feel the effects of Trog's Hand fading.
You feel very sick.
Unknown command.
You barely miss the orc.
The orc is heavily wounded.
You hit the orc warrior.
You feel very sick.
The orc warrior hits you with a +2 halberd of venom.
You are more poisoned.
You slash something! Your headbutt misses something. You hit the orc warrior.
You feel very sick.
The orc warrior hits you with a +2 halberd of venom!
You are more poisoned.
You hit the orc warrior. Your headbutt misses the orc warrior.
The orc warrior is almost dead.
You closely miss something.
You feel very sick.
The orc warrior hits you with a +2 halberd of venom!
* * * LOW HITPOINT WARNING * * *
You are more poisoned.
Something hits you but does no damage.
You are more poisoned.
Unknown command.
You hit the orc warrior.
You kill the orc warrior!
Trog accepts your kill.
You barely miss something.
You are no longer berserk.
You are exhausted.
You feel yourself slow down.
* * * LOW HITPOINT WARNING * * *
You feel extremely sick.
Your Armour skill increases to level 5!
You have reached level 6!
Okay, then.
Unknown command.
It was a potion of resistance.
You feel protected.
You die...

#######.#........#
##.#........#
#...........#
#...........#
#...........#
#..........## #+#
##..........########.#
#.....................
#....H)...............
#.####)#######......))
#. ..... #......). #.
#.....# #......## #.
(...# #......# .#8.$.
#......#
.#(#.###......#
.8.#.##.......#
#.#......#


There were no monsters in sight!

Vanquished Creatures
  An orc warrior (D:4)
  Crazy Yiuf (D:2)
  An orc priest (D:4)
  Ijyb (D:4)
  An iguana (D:3)
  3 adders
  3 gnolls (D:3)
  A dart slug (D:1)
  13 orcs (D:4)
  A giant cockroach (D:2)
  3 goblins
  3 hobgoblins
  12 jackals
  A kobold (D:3)
  2 quokkas
  8 ball pythons
  4 bats
  3 frilled lizards
  4 rats
66 creatures vanquished.

Notes
Turn   | Place    | Note
-------+----------+-------------------------------------------
     0 | D:1      | Mandevil the Minotaur Berserker began the quest for the
                  | Orb.
     0 | D:1      | Reached XP level 1. HP: 19/19 MP: 0/0
    59 | D:1      | Found a faded altar of an unknown god.
   331 | D:1      | Reached XP level 2. HP: 27/27 MP: 1/1
   875 | D:2      | Reached XP level 3. HP: 27/33 MP: 2/2
  1033 | D:2      | Found a runed translucent door.
  1034 | D:2      | Noticed Crazy Yiuf
  1338 | D:2      | Identified the +2 scale mail of Agoraphobia {rElec Will++
                  | MP+9 Int-5}
  1649 | D:2      | Killed Crazy Yiuf
  1650 | D:2      | Reached XP level 4. HP: 40/41 MP: 3/3
  2133 | D:3      | Reached skill level 5 in Fighting
  2133 | D:3      | Reached XP level 5. HP: 48/48 MP: 4/4
  2138 | D:3      | Reached skill level 5 in Axes
  2258 | D:4      | Reached ** piety under Trog
  2481 | D:4      | Noticed Ijyb
  2496 | D:4      | Killed Ijyb
  2534 | D:4      | Noticed an orc warrior
  2553 | D:4      | Killed an orc warrior
  2553 | D:4      | HP: 2/48 [poisoned by an orc wizard]
  2554 | D:4      | Reached skill level 5 in Armour
  2554 | D:4      | Reached XP level 6. HP: 2/57 MP: 5/5
  2554 | D:4      | Succumbed to an orc wizard's poison

Illustrated notes

Levels and vault maps discovered:
D:1:      lightli_iron_boxes, layout_loops_ring,
          chequers_ecumenical_altar_simple
D:2:      layout_basic, kennysheep_nub, st_stairs_8, amcnicky_mini_pool_small,
          minmay_box_of_dots, uniq_crazy_yiuf_cottage
D:3:      layout_basic
D:4:      layout_basic, minmay_temple_entry_crystal_x, guppyfry_early_orc_mine,
          uniq_ijyb

Skill      XL: |  1  2  3  4  5 |
---------------+----------------+-----
Fighting       | 4 5 |  5.7
Axes           | 4 5 |  5.7
Armour         | 3 4 5 |  5.0
Dodging        | |  2.1

Action                     |  1- 3 |  4- 6 || total
---------------------------+-------+-------++-------
  Melee: Hand axe          |    77 |    95 ||   172
         Headbutt          |     8 |    16 ||    24
         Punch             |     1 |     1 ||     2
 Invoke: Berserk           |     1 |     1 ||     2
         Trog's Hand       |       |     1 ||     1
    Use: Scroll            |     1 |     1 ||     2
         Potion            |       |     1 ||     1
 Armour: Animal skin       |    19 |    13 ||    32
  Dodge: Dodged            |    47 |    69 ||   116
